 Dungeon Crawl Stone Soup version 0.27.1-3-gb3d3a73c9e (webtiles) character file.

Game seed: 13681140356736883040

246 Crownlay the Slasher (level 5, -7/48 HPs)
             Began as a Minotaur Berserker on Oct 23, 2021.
             Was a Believer of Trog.
             Mangled by an ogre (26 damage)
             ... on level 4 of the Dungeon.
             The game lasted 00:03:01 (2993 turns).

Crownlay the Slasher (Minotaur Berserker)           Turns: 2993, Time: 00:03:01

Health: -7/48      AC:  2    Str: 23    XL:     5   Next: 84%
Magic:  4/4        EV: 11    Int:  4    God:    Trog [**....]
Gold:   176        SH:  3    Dex:  9    Spells: 4/4 levels left

rFire    . . .     SeeInvis .   a - +0 falchion
rCold    . . .     Faith    +   o - +0 buckler
rNeg     . . .     Spirit   .   b - +0 animal skin
rPois    .         Reflect  .   (helmet restricted)
rElec    .         Harm     .   (no cloak)
rCorr    .         Rampage  .   (no gloves)
Will     .....                  (no boots)
Stlth    +.........             m - amulet of faith
HPRegen  0.16/turn              (no ring)
MPRegen  0.09/turn              (no ring)

@: no status effects
A: horns 2, retaliatory headbutt
a: Renounce Religion, Berserk, Trog's Hand


You were on level 4 of the Dungeon.
You worshipped Trog.
Trog was pleased with you.
You visited 1 branch of the dungeon, and saw 4 of its levels.

You collected 176 gold pieces.

Inventory:

Hand Weapons
 a - a +0 falchion (weapon)
 j - a +3 war axe
Missiles
 e - 3 silver javelins (quivered)
 l - a throwing net
Armour
 b - a +0 animal skin (worn)
 o - a +0 buckler (worn)
Jewellery
 m - an amulet of faith (around neck)
Scrolls
 d - 2 scrolls of identify {unknown}
 h - a scroll of noise {unknown}
 i - a scroll of amnesia {unknown}
 k - a scroll of teleportation {unknown}
 n - a scroll of torment {unknown}
Potions
 c - 2 potions of curing {unknown}
 f - a potion of mutation {unknown}
 g - a potion of flight {unknown}


   Skills:
 - Level 5.4 Fighting
 - Level 6.8 Long Blades
 - Level 2.4 Armour
 - Level 2.1 Dodging
 + Level 0.2 Shields


You had 4 spell levels left.
You didn't know any spells.
Your spell library was empty.

Dungeon Overview and Level Annotations

Branches:
Dungeon (4/15)
 Temple: D:4-7

Altars:
Makhleb
Ru


Innate Abilities, Weirdness & Mutations

You have a pair of horns on your head.
You reflexively headbutt those who attack you in melee.


Message History

Found 12 gold pieces.
You feel yourself speed up.
You now have 176 gold pieces (gained 12).
A dart slug comes into view.
A dart slug is nearby!
You recover from your berserk rage.
The dart slug closely misses you. You furiously retaliate!
You headbutt the dart slug. You hit the dart slug.
The dart slug is heavily wounded.
You hit the dart slug but do no damage. You headbutt the dart slug.
The dart slug is almost dead.
The dart slug bites you.
You hit the dart slug.
You kill the dart slug!
Trog accepts your kill.
No target in view!
No target in view!
You see here a dart slug corpse.
Found a scroll labelled VEASTO KECAE.
d - 2 scrolls labelled VEASTO KECAE (gained 1)
Found 25 sling bullets.
No target in view!
An ogre comes into view. It is wielding a +0 giant club.
The ogre shouts!
You throw a silver javelin.
The silver javelin pierces through the ogre!
The ogre is heavily wounded.
You hit the ogre. Your headbutt misses the ogre.
The ogre is severely wounded.
The ogre hits you with a +0 giant club!!
Ouch! That really hurt!
You are too injured to fight recklessly!
You are too injured to fight recklessly!
You hit the ogre but do no damage.
You headbutt the ogre, but do no damage.
The ogre is severely wounded.
The ogre hits you with a +0 giant club!!
Ouch! That really hurt!
You die...

#...# ##...## ..#
#..## ## ###.#
##+## ### #.## #
#...# #.# #..## ##
#.### #.# ### ##
#.#.###. ..#
##.###.. .# #
#....#..
†#######...##.#
.##.# #####.##
............#(# ...
####.##
######.#....#.###O#
#......
#.##.#.#...@.#
#.##.##
#.##.......### #...
#.##.#.##### ####
#.##.#.# #.##.#.#
#......# #.### #.#
#.


You could see an ogre.

Vanquished Creatures
  An ogre (D:4)
  Jessica (D:2)
  Terence (D:2)
  3 adders
  A white imp (D:3)
  A worm (D:2)
  5 dart slugs
  5 orcs (D:3)
  7 ball pythons
  A bat (D:3)
  6 endoplasms
  4 giant cockroaches
  3 goblins
  4 hobgoblins
  5 kobolds
  2 quokkas
  2 frilled lizards (D:1)
  5 rats
57 creatures vanquished.

Notes
Turn   | Place    | Note
-------+----------+-------------------------------------------
     0 | D:1      | Crownlay the Minotaur Berserker began the quest for the
                  | Orb.
     0 | D:1      | Reached XP level 1. HP: 19/19 MP: 0/0
   491 | D:1      | Reached skill level 4 in Long Blades
   562 | D:1      | Reached XP level 2. HP: 26/27 MP: 1/1
  1010 | D:2      | Found a sacrificial altar of Ru.
  1096 | D:2      | Noticed Terence
  1103 | D:2      | Killed Terence
  1104 | D:2      | Reached XP level 3. HP: 19/33 MP: 2/2
  1151 | D:2      | Reached skill level 5 in Long Blades
  1329 | D:2      | Reached ** piety under Trog
  1444 | D:2      | Noticed Jessica
  1459 | D:2      | Killed Jessica
  1460 | D:2      | Reached XP level 4. HP: 36/41 MP: 3/3
  2020 | D:3      | Found a faded altar of an unknown god.
  2102 | D:3      | Reached skill level 6 in Long Blades
  2245 | D:3      | Reached XP level 5. HP: 36/47 MP: 4/4
  2627 | D:3      | Reached skill level 5 in Fighting
  2818 | D:4      | Found a burning altar of Makhleb.
  2915 | D:4      | Noticed an ogre
  2924 | D:4      | Killed an ogre
  2989 | D:4      | Noticed an ogre
  2993 | D:4      | Mangled by an ogre

Illustrated notes

Levels and vault maps discovered:
D:1:      matt_arrival_los_fun, layout_basic
D:2:      layout_basic, serial_glass, glass_columns_a, glass_columns_c,
          basic_altar, minmay_split_cup_small, uniq_terence, uniq_jessica
D:3:      layout_rooms, shapermc_ecumenical_altar_starsandcircs,
          serial_park_tiny_1, saegor_snake_ambush
D:4:      layout_loops_corners, lemuel_doored_altar

Skill      XL: |  1  2  3  4  5 |
---------------+----------------+-----
Long Blades    | 4 5 6 |  6.8
Fighting       | 4 5 |  5.4
Armour         | |  2.4
Dodging        | |  2.1
Shields        | |  0.2

Action                   |  1- 3 |  4- 6 || total
-------------------------+-------+-------++-------
Melee: Falchion          |    55 |    58 ||   113
       Headbutt          |     9 |     9 ||    18
Throw: Javelin           |     2 |     3 ||     5
Invok: Berserk           |     2 |     1 ||     3
       Trog's Hand       |       |     2 ||     2
 Stab: Sleeping          |       |     1 ||     1
Armor: Animal skin       |     4 |     6 ||    10
Dodge: Dodged            |    22 |    29 ||    51
       Rpst.: Falchion   |     7 |    10 ||    17
